 Dungeon Crawl Stone Soup version 0.21.1-1-g345015f (webtiles) character file.

32 glosham the Skirmisher (level 3, -10/35 HPs)
             Began as a Gnoll Abyssal Knight on June 11, 2018.
             Was a Follower of Lugonu.
             Mangled by a large abomination (29 damage)
             ... on level 1 of the Abyss.
             The game lasted 00:02:16 (110 turns).

glosham the Skirmisher (Gnoll Abyssal Knight)        Turns: 110, Time: 00:02:16

Health: -10/35     AC:  3    Str: 15      XL:     3   Next: 25%
Magic:  6/6        EV: 12    Int: 14      God:    Lugonu [*.....]
Gold:   0          SH:  0    Dex:  8 (14) Spells: 3/3 levels left

rFire    . . .     SeeInvis .   a - +1 hand axe
rCold    . . .     Gourm    .   (no shield)
rNeg     . . .     Faith    .   b - +0 leather armour
rPois    .         Spirit   .   (no helmet)
rElec    .         Reflect  .   (no cloak)
rCorr    .         Harm     .   (no gloves)
MR       .....                  (no boots)
Stlth    +.........             (no amulet)
HPRegen  0.11/turn              (no ring)
MPRegen  0.10/turn              (no ring)

@: no status effects
A: distributed training, fangs 1, strong nose
a: Depart the Abyss, Renounce Religion


You were on level 1 of the Abyss.
You worshipped Lugonu.
Lugonu was aware of your devotion.
You were not hungry.

You visited 0 branches of the dungeon, and saw 0 of its levels.
You visited the Abyss 1 time.

Inventory:

Hand Weapons
 a - a +1 hand axe (weapon)
Armour
 b - a +0 leather armour (worn)
Jewellery
 d - an uncursed ring of see invisible {unknown}
Comestibles
 c - a ration


   Skills:
 + Level 6.5 Fighting
 + Level 0.6 Short Blades
 + Level 0.6 Long Blades
 + Level 4.5 Axes
 + Level 0.6 Maces & Flails
 + Level 0.6 Polearms
 + Level 0.6 Staves
 + Level 0.6 Slings
 + Level 0.6 Bows
 + Level 0.6 Crossbows
 + Level 0.6 Throwing
 + Level 4.5 Armour
 + Level 2.5 Dodging
 + Level 0.6 Stealth
 + Level 0.6 Shields
 + Level 0.6 Unarmed Combat
 + Level 0.6 Spellcasting
 + Level 0.4 Conjurations
 + Level 0.4 Hexes
 + Level 0.4 Charms
 + Level 0.4 Summonings
 + Level 0.4 Necromancy
 + Level 0.4 Translocations
 + Level 0.4 Transmutations
 + Level 0.4 Fire Magic
 + Level 0.4 Ice Magic
 + Level 0.4 Air Magic
 + Level 0.4 Earth Magic
 + Level 0.4 Poison Magic
 + Level 4.5 Invocations
 + Level 0.6 Evocations


You had 3 spell levels left.
You didn't know any spells.

Dungeon Overview and Level Annotations

Branches:
Dungeon (0/15)

Altars:


Innate Abilities, Weirdness & Mutations

Your experience applies equally to all skills.
You have very sharp teeth.
Your uncanny sense of smell can sniff out nearby items.


Message History

The quasit barely misses you. The quasit claws you.
You feel clumsy. The quasit claws you.
You closely miss the quasit.
The quasit is almost dead.
The quasit bites you but does no damage.
The quasit claws you.
You feel clumsy. The quasit barely misses you. x2
The quasit claws you but does no damage.
The quasit misses you.
Your leather armour prevents you from hitting the quasit.
The quasit is almost dead.
The quasit barely misses you.
The quasit claws you but does no damage.
The quasit barely misses you.
You hit the quasit.
You kill the quasit!
You feel your dexterity returning.
You have reached level 2!
You have reached level 3!
Your experience leads to an increase in your attributes!
Your base attributes are Str 14, Int 14, Dex 14.
Increase (S)trength, (I)ntelligence, or (D)exterity?
You feel stronger.
The substance of the Abyss twists violently, and a gateway leading out appears!
A small abomination comes into view.
Found 9 gold pieces.
A large abomination comes into view.
Unknown command.
Found a ruby potion and 18 stones.
Found 21 stones.
An ufetubus comes into view.
Found a twisted tourmaline ring.
Found a scroll labeled ZIBINO XUDAYTI.
You see here a twisted tourmaline ring.
d - a twisted tourmaline ring The large abomination hits you!!
Ouch! That really hurt!
You die...

##.#..##.. #.
# .
#...#...####.
... #
#.#.###..#
###. # ..
#.#...##X# #
#.
#...#...#....#
.. #.....##.#.
..# ##.#.#
..#### ..
#?...##...#
...
#..@Xx##..# #
######..#.#
#.#... #.#..#
...## ##.


You could see a large abomination and a small abomination.

Vanquished Creatures
  A quasit (Abyss:1)
1 creature vanquished.

Notes
Turn   | Place    | Note
-------+----------+-------------------------------------------
     0 | Abyss:1  | glosham the Gnoll Abyssal Knight began the quest for the Orb.
     0 | Abyss:1  | Reached XP level 1. HP: 23/23 MP: 3/3
    24 | Abyss:1  | Found a corrupted altar of Lugonu.
    37 | Abyss:1  | Noticed a quasit
    50 | Abyss:1  | Noticed a large abomination
    58 | Abyss:1  | Killed a quasit
    58 | Abyss:1  | Reached XP level 2. HP: 11/29 MP: 5/5
    58 | Abyss:1  | Reached XP level 3. HP: 13/35 MP: 6/6
    65 | Abyss:1  | Noticed a small abomination
    73 | Abyss:1  | Noticed a large abomination
   110 | Abyss:1  | Mangled by a large abomination

Action                   || total
-------------------------++-------
Melee: Hand axe          ||    18
  Use: Scroll            ||     2
Armor: Leather armour    ||    23
Dodge: Dodged            ||    38

Table legend:
 A = Turns spent in this place as a percentage of turns spent in the entire game.
 B = Non-inter-level travel turns spent in this place as a percentage of non-inter-level travel turns spent in the entire game.
 C = Inter-level travel turns spent in this place as a percentage of turns spent in this place.
 D = Turns resting spent in this place as a percentage of non-inter-level travel turns spent in this place.
 E = Turns spent auto-exploring this place as a percentage of non-inter-level travel turns spent in this place.
 F = Non-inter-level travel turns spent in this place divided by the number of levels of this place that you've seen.
                   A       B       C       D       E      F
               +-------+-------+-------+-------+-------+----------------------
         Total | 100.0 | 100.0 |   0.0 |   0.0 |   0.0 | 110.0
         Abyss | 100.0 | 100.0 |   0.0 |   0.0 |   0.0 | 110.0
               +-------+-------+-------+-------+-------+----------------------

Table legend:
 A = Kills in this place as a percentage of kills in entire the game.
 B = Kills by you in this place as a percentage of kills by you in the entire game.
 C = Kills by friends in this place as a percentage of kills by friends in the entire game.
 D = Other kills in this place as a percentage of other kills in the entire game.
 E = Experience gained in this place as a percentage of experience gained in the entire game.
 F = Experience gained in this place divided by the number of levels of this place that you have seen.
                   A       B       C       D       E      F
               +-------+-------+-------+-------+-------+----------------------
         Total | 100.0 | 100.0 |   N/A |   N/A | 100.0 |  46.0
         Abyss | 100.0 | 100.0 |   N/A |   N/A | 100.0 |  46.0
               +-------+-------+-------+-------+-------+----------------------

Vault maps used:
